Map: Automaton LE

Players

Lambo - Winner!

  • Race: Zerg Zerg
  • League: Grandmaster
  • Spawn Location: 3:00

ShoWTimE

  • Race: Protoss Protoss
  • League: Grandmaster
  • Spawn Location: 9:00

VOD

Have the link to the VOD?

Description

Time

  • Played on: Jan. 7, 2019, 7:59 a.m.
  • Length: 20:19
Show
View Real Time Build Order
Export as new Build Order

Lambo Zerg - Winner!

Build Orders: Hatch First, Brood Lord Corruptor 

Get SALT Encoding   

  12  0:00  Drone  
  13  0:12  Overlord  
  13  0:18  Drone  
  14  0:31  Drone x2  
  16  0:49  Hatchery  
  15  0:52  Drone  
  15  0:56  Drone  
  17  0:59  Drone  
  18  1:10  Extractor  
  17  1:15  Spawning Pool  
  17  1:18  Drone  
  17  1:21  Drone  
  18  1:28  Drone  
  19  1:39  Drone  
  20  1:52  Drone  
  21  2:02  Queen x2, Zergling x2  
  21  2:03  Overlord  
  26  2:11  Metabolic Boost  
  26  2:12  Drone  
  26  2:15  Drone  
  28  2:21  Drone  
  29  2:23  Drone  
  30  2:33  Drone  
  31  2:40  Hatchery  
  30  2:45  Drone x2  
  30  2:51  Overlord  
  34  3:00  Queen  
  34  3:04  Zergling x4  
  36  3:10  Zergling x2  
  37  3:15  Drone  
  37  3:16  Drone x4  
  37  3:17  Overlord  
  42  3:24  Drone x2  
  43  3:29  Drone  
  43  3:33  Spore Crawler  
  43  3:34  Drone  
  43  3:37  Drone  
  45  3:41  Queen  
  45  3:46  Drone x2  
  49  3:52  Queen, Spore Crawler  
  52  3:55  Drone x2  
  52  3:58  Drone  
  52  4:02  Overlord  
  53  4:09  Drone x2  
  55  4:13  Drone x2  
  55  4:15  Overlord  
  55  4:16  Drone  
  58  4:18  Overlord  
  58  4:21  Drone  
  58  4:24  Overlord  
  59  4:27  Roach Warren  
  58  4:33  Overlord  
  58  4:35  Drone x2  
  58  4:37  Lair  
  60  4:39  Extractor, Drone x2  
  60  4:40  Extractor  
  60  4:42  Drone x2  
  62  4:47  Drone x2  
  62  4:48  Evolution Chamber  
  63  4:58  Zergling x4  
  63  4:59  Queen, Drone x3  
  70  5:03  Overlord  
  70  5:04  Drone x3  
  70  5:07  Overlord  
  72  5:09  Overlord  
  72  5:11  Overlord  
  72  5:12  Drone  
  72  5:14  Zergling x2  
  74  5:17  Drone x2  
  74  5:19  Overlord  
  74  5:20  Drone  
  77  5:22  Zerg Missile Weapons Level 1  
  77  5:26  Overlord  
  77  5:27  Drone  
  78  5:31  Roach x2  
  78  5:32  Roach  
  78  5:35  Roach x2  
  88  5:41  Extractor x2  
  86  5:45  Roach x3  
  86  5:48  Roach x2  
  94  5:54  Drone x4  
  94  5:55  Drone x2  
  98  6:01  Roach x2  
  102  6:05  Drone x2  
  102  6:09  Hydralisk Den  
  103  6:12  Extractor  
  103  6:17  Drone x4  
  103  6:18  Drone x2  
  106  6:24  Baneling Nest  
  105  6:26  Evolution Chamber  
  105  6:32  Roach x3  
  110  6:34  Hatchery  
  109  6:48  Grooved Spines  
  109  6:54  Overlord  
  109  6:57  Drone x12  
  109  6:59  Zerg Melee Weapons Level 1  
  121  7:02  Drone  
  121  7:03  Infestation Pit  
  121  7:09  Drone x2  
  123  7:20  Hatchery, Pneumatized Carapace  
  122  7:23  Hydralisk x6  
  122  7:27  Overseer  
  134  7:42  Drone x2, Hive  
  134  7:43  Drone x3  
  139  7:44  Spire  
  138  7:54  Hydralisk x4  
  138  7:55  Extractor, Hatchery  
  138  7:56  Centrifical Hooks  
  138  7:57  Extractor  
  143  7:59  Muscular Augments, Zerg Missile Weapons Level 2  
  143  8:07  Drone x3  
  143  8:08  Overseer  
  143  8:10  Overlord x2  
  143  8:11  Hydralisk x2  
  150  8:18  Overlord  
  149  8:21  Overlord  
  149  8:23  Overlord x2  
  149  8:24  Zergling x2  
  149  8:25  Zergling x6  
  152  8:30  Zergling x22  
  162  8:37  Hydralisk x4  
  170  8:49  Zergling x14  
  170  8:54  Zerg Melee Weapons Level 2  
  177  9:07  Overseer  
  177  9:11  Greater Spire  
  177  9:12  Queen  
  177  9:15  Hydralisk x2  
  177  9:16  Hydralisk x2, Zergling x4  
  189  9:26  Extractor, Drone x2  
  189  9:27  Extractor  
  189  9:28  Overseer  
  189  9:29  Zergling x18  
  197  9:32  Overlord  
  192  9:38  Baneling  
  192  9:39  Baneling x32  
  162  10:00  Corruptor x5  
  172  10:10  Zergling x32  
  174  10:36  Brood Lord x5  
  174  10:37  Viper  
  174  10:40  Zergling x2  
  174  10:41  Zergling x26  
  198  10:46  Zerg Flyer Weapons Level 1  
  198  10:52  Spore Crawler x2  
  198  10:53  Spore Crawler  
  198  10:54  Spore Crawler  
  198  10:55  Overlord, Spore Crawler x3  
  191  10:57  Overlord x2  
  190  11:04  Overlord x3  
  190  11:05  Spore Crawler  
  190  11:07  Spore Crawler  
  188  11:14  Overlord x3  
  188  11:15  Overlord  
  188  11:17  Zerg Melee Weapons Level 3  
  188  11:20  Adrenal Glands  
  188  11:24  Corruptor x2, Viper x2  
  198  11:27  Overseer  
  194  11:51  Overlord x2  
  192  11:56  Brood Lord x2  
  192  11:59  Corruptor  
  198  12:04  Spire  
  197  12:09  Pathogen Glands  
  197  12:14  Drone x2  
  197  12:15  Overlord  
  199  12:19  Overlord  
  199  12:21  Overlord  
  195  12:23  Corruptor x2  
  195  12:27  Overlord  
  195  12:30  Overlord  
  195  12:34  Corruptor x2  
  197  12:47  Corruptor x2  
  197  12:49  Zerg Flyer Weapons Level 2  
  198  12:53  Overseer  
  198  12:54  Drone x2  
  199  13:13  Overlord  
  199  13:14  Overlord  
  199  13:17  Neural Parasite  
  199  13:18  Zerg Flyer Armor Level 1  
  199  13:31  Spore Crawler  
  199  13:32  Spore Crawler  
  193  13:45  Infestor  
  193  13:46  Infestor x3  
  178  14:03  Evolution Chamber  
  178  14:04  Evolution Chamber, Infestor x13  
  196  14:11  Infestor  
  198  14:18  Infestor  
  200  14:41  Spore Crawler x3  
  200  14:42  Spore Crawler x2  
  200  14:43  Spore Crawler x3  
  200  14:44  Spore Crawler  
  200  14:45  Spore Crawler x2  
  190  14:46  Spore Crawler, Drone x12  
  190  14:47  Spore Crawler x4  
  190  14:48  Spore Crawler x3  
  190  14:49  Spore Crawler x3, Hatchery  
  190  14:52  Zerg Missile Weapons Level 3, Zerg Ground Armor Level 1  
  189  14:53  Infestor x3  
  217  15:19  Zerg Flyer Weapons Level 3  
  217  15:20  Zerg Flyer Armor Level 2  
  217  15:33  Burrow  
  217  15:38  Overlord  
  217  15:52  Overlord x2  
  217  16:02  Overseer  
  217  16:05  Overseer  
  217  16:06  Overseer  
  217  16:08  Overseer x6  
  217  16:13  Overlord  
  209  16:41  Extractor  
  209  16:44  Extractor, Spine Crawler  
  206  16:48  Spine Crawler  
  206  16:49  Spine Crawler x3  
  206  16:51  Spore Crawler, Spine Crawler x2  
  206  16:54  Corruptor x3  
  193  16:55  Corruptor  
  193  16:56  Corruptor x5  
  187  17:08  Spire  
  184  17:16  Overlord  
  184  17:17  Overlord  
  178  17:24  Brood Lord  
  176  17:30  Zerg Ground Armor Level 2, Drone x2  
  176  17:31  Corruptor x11  
  199  18:15  Overlord  
  193  19:53  Extractor  
  193  19:54  Hatchery  
Show
View Real Time Build Order
Export as new Build Order

ShoWTimE Protoss 

Build Orders: 1 Gate Expand, Oracle Opening, Phoenix Opening, Archon Immortal, Carriers, Archon Drop 

Get SALT Encoding   

  12  0:00  Probe  
  13  0:12  Probe  
  14  0:18  Pylon  
  14  0:24  Probe  
  15  0:32  Probe  
  15  0:40  Probe  
  15  0:42  Gateway  
  16  0:47  Assimilator  
  17  0:51  Probe  
  18  1:03  Probe  
  19  1:15  Probe  
  20  1:27  Nexus  
  20  1:38  Cybernetics Core  
  20  1:39  Probe  
  21  1:49  Assimilator  
  21  1:51  Probe  
  22  1:57  Pylon  
  22  2:03  Probe  
  22  2:06  Adept  
  25  2:15  Probe  
  25  2:18  Stargate  
  26  2:24  Adept  
  26  2:27  Warp Gate  
  26  2:28  Probe  
  27  2:35  Probe  
  29  2:40  Probe  
  29  2:43  Probe  
  32  2:52  Probe, Stalker  
  32  2:53  Probe  
  32  2:58  Oracle  
  36  3:04  Probe  
  37  3:08  Probe  
  41  3:15  Pylon  
  41  3:16  Probe  
  42  3:21  Probe  
  43  3:28  Probe  
  43  3:30  Assimilator x2  
  43  3:33  Probe  
  45  3:37  Phoenix  
  45  3:40  Probe  
  48  3:44  Gateway  
  48  3:45  Probe  
  49  3:52  Probe  
  50  3:57  Robotics Facility, Probe  
  51  4:02  Pylon  
  51  4:04  Probe  
  52  4:13  Probe  
  52  4:14  Twilight Council  
  52  4:16  Probe  
  54  4:21  Probe  
  54  4:25  Gateway  
  54  4:27  Gateway  
  54  4:30  Probe  
  56  4:34  Warp Prism  
  56  4:41  Pylon  
  58  4:46  Adept  
  58  4:47  Adept  
  62  4:56  Templar Archives  
  62  4:59  Pylon  
  62  5:09  Nexus  
  62  5:12  Probe x2  
  64  5:19  Shield Battery  
  64  5:22  Observer, Pylon  
  64  5:24  Probe x2  
  67  5:36  Probe x2  
  67  5:39  High Templar x4  
  67  5:42  Forge  
  77  5:46  Archon x2  
  77  5:48  Probe x2  
  79  5:55  Immortal  
  79  6:00  Charge, Robotics Facility, Probe  
  79  6:01  Probe  
  81  6:12  Probe  
  81  6:13  Probe  
  81  6:14  Protoss Ground Weapons Level 1  
  83  6:19  Probe  
  83  6:20  Probe  
  83  6:21  Probe  
  86  6:27  Probe  
  86  6:28  Probe  
  86  6:29  Probe  
  88  6:32  Pylon  
  88  6:35  Immortal  
  88  6:37  Probe  
  88  6:39  Probe  
  94  6:41  Probe  
  94  6:46  Pylon  
  96  6:48  Immortal  
  96  6:51  Sentry x2  
  104  6:54  Assimilator  
  104  6:55  Probe  
  104  6:58  Pylon  
  104  6:59  Assimilator  
  105  7:10  Gateway  
  105  7:11  Psionic Storm  
  105  7:14  Immortal  
  109  7:16  Gateway  
  109  7:18  Gateway  
  109  7:19  Gateway  
  109  7:23  Immortal  
  113  7:30  High Templar  
  115  7:42  Photon Cannon  
  115  7:43  Immortal  
  115  7:48  Photon Cannon  
  115  7:49  Photon Cannon  
  115  7:54  Photon Cannon  
  115  7:55  High Templar, Protoss Ground Weapons Level 2  
  115  7:57  High Templar  
  123  8:00  Pylon  
  123  8:01  Pylon  
  123  8:02  High Templar  
  125  8:20  Nexus  
  125  8:21  Pylon  
  125  8:23  Immortal  
  125  8:24  Zealot x4, Pylon  
  137  8:33  Probe  
  137  8:34  Probe x2  
  140  8:39  Pylon  
  140  8:41  Photon Cannon  
  140  8:42  Photon Cannon  
  140  8:46  Zealot x2  
  144  8:56  Fleet Beacon  
  144  8:57  Stargate  
  144  9:00  Stargate, Probe  
  144  9:01  Probe x2  
  147  9:03  High Templar  
  147  9:04  Assimilator  
  147  9:08  Shield Battery  
  149  9:10  Assimilator  
  149  9:12  Probe  
  150  9:19  Observer  
  150  9:26  Photon Cannon  
  150  9:29  Shield Battery  
  150  9:35  Zealot x4  
  150  9:36  Zealot x4  
  150  9:37  Tempest  
  166  9:41  Tempest  
  166  9:45  Protoss Air Weapons Level 1  
  166  9:47  Tempest  
  178  9:57  Pylon  
  176  10:03  Protoss Ground Weapons Level 3  
  176  10:08  Pylon  
  176  10:10  Pylon  
  176  10:11  Carrier, Pylon  
  176  10:14  Carrier  
  182  10:22  Carrier  
  190  10:36  Zealot x3  
  190  10:37  Zealot  
  190  10:41  Mothership  
  190  11:12  Nexus  
  190  11:14  Pylon  
  190  11:17  Carrier  
  190  11:22  Carrier  
  190  11:24  Pylon  
  198  11:40  Photon Cannon  
  198  11:42  Photon Cannon  
  198  11:44  Probe  
  198  11:45  Photon Cannon  
  198  11:46  Probe x2, Photon Cannon  
  188  11:48  Photon Cannon  
  188  11:49  Shield Battery  
  188  11:52  Probe  
  185  11:58  Probe  
  185  11:59  Probe  
  185  12:00  Probe  
  188  12:08  High Templar x2, Assimilator  
  191  12:10  Probe  
  191  12:14  Assimilator  
  194  12:17  Carrier  
  180  12:30  Shield Battery  
  180  12:33  Probe, Shield Battery  
  180  12:35  Zealot, Pylon  
  183  12:39  Zealot  
  188  12:59  Probe x2  
  188  13:00  Probe x3  
  193  13:06  Protoss Shields Level 1  
  199  13:26  Cybernetics Core  
  199  13:27  Carrier  
  199  13:30  Observer  
  200  13:34  Carrier  
  200  13:40  Zealot  
  200  13:42  Zealot x2  
  200  13:45  Zealot x2  
  200  13:46  Zealot  
  197  13:48  Cybernetics Core  
  197  13:49  Zealot x2  
  197  13:51  Probe x3  
  199  14:01  Probe  
  200  14:05  Pylon  
  200  14:06  Protoss Air Weapons Level 2  
  200  14:07  Protoss Air Armor Level 1  
  200  14:08  Pylon  
  186  14:10  Carrier  
  182  14:21  Photon Cannon  
  182  14:22  Photon Cannon  
  182  14:24  Photon Cannon  
  182  14:26  Shield Battery  
  182  14:28  Shield Battery  
  182  14:29  Probe  
  182  14:30  Gateway  
  183  14:35  Carrier  
  189  14:53  Protoss Shields Level 2  
  189  14:57  High Templar x4, Pylon  
  197  15:24  Observer  
  197  15:25  Observer  
  199  15:33  High Templar  
  195  16:00  Carrier  
  199  16:20  Pylon  
  199  16:29  Nexus  
  199  16:31  Pylon  
  199  16:53  Zealot  
  197  16:57  Carrier  
  193  17:07  Carrier  
  198  17:08  Zealot  
  198  17:14  Carrier  
  197  17:15  Protoss Shields Level 3  
  197  17:21  Probe x5  
  198  17:31  Protoss Air Weapons Level 3  
  198  17:33  Probe  
  198  17:36  Protoss Air Armor Level 2  
  199  17:45  Probe  
  196  18:01  Phoenix  
  194  18:11  Phoenix  
  192  18:18  Phoenix  
  194  18:24  High Templar x2  
  194  18:26  Phoenix  
  197  19:34  Phoenix  
  199  19:44  Pylon  
  199  19:45  Nexus, Gateway  
  199  19:48  Gateway  
  199  19:51  Gateway  
  198  19:54  Gateway  
Tags
 
Add a new tag
Caveats
  • Supply blocks, unpowered buildings, or Contaminate may cause inaccurate times.
  • Supply counts are checked every 10 seconds.